[Event "85th Tata Steel Masters 2023"]
[White "Carlsen,Magnus"]
[Black "Abdusattorov,Nodirbek"]
[Site "Wijk aan Zee"]
[Round "5.1"]
[Annotator "TA"]
[Result "0-1"]
[Date "2023.01.19"]
[WhiteElo "2859"]
[BlackElo "2713"]
[PlyCount "120"]
[TimeControl "60"]

1. c4 c5 2. Nf3 Nf6 3. Nc3 Nc6 4. e3 e5 5. Be2 d5 6. cxd5 {[%emt 0:0:11] A34: Symmetrical English: 2 Nc3, lines with ...d5.} Nxd5 7. O-O Be7 8. Bb5 {[%emt 0:9:7] White has an edge.} Nxc3 9. bxc3 Qc7 10. d4 cxd4 11. cxd4 exd4 12. Nxd4 {[%emt 0:0:18] [#]} Bd7 $146 ({Predecessor:} 12... O-O 13. Qc2 Bd6 14. Bxc6 bxc6 15. h3 Bd7 16. Bb2 Rab8 17. Rfd1 Rfd8 18. Nf3 h6 19. Rxd6 Qxd6 {½-½ Vakhidov,J (2525)-Sjugirov,S (2664) Abu Dhabi op 23rd 2015 (4)} )13. Nf3 (13. Bb2 {simplifies} Nxd4 14. Bxd7+ Qxd7 15. Qxd4 Qxd4 16. Bxd4 O-O 17. Rfb1 )Bf6 {[%emt 0:5:16] [#]} 14. Ba3 $1 Bxa1 15. Qxa1 O-O-O 16. Rc1 Kb8 17. Qxg7 Rhg8 18. Qb2 {[%emt 0:16:55] [#]} (18. Qxf7 $2 {is the wrong capture.} Rxg2+ 19. Kf1 (19. Kxg2 $2 {too greedy.} Bh3+ {[%mdl 64] Discovered Attack} 20. Kxh3 Qxf7 $19 )Rxh2 $19 )Bg4 $1 19. Ne1 {[%emt 0:12:11] [#]} ({Much worse is} 19. Bxc6 Qxc6 20. Nd4 Qd5 $17 )(19. Nd2 Qe5 )Rd1 $1 20. Rxd1 Bxd1 21. Bf1 Ne5 (21... Bg4 $17 )22. h3 {[%emt 0:8:19] White is weak on the light squares} Bf3 23. Qd4 {[%emt 0:4:28] Bd6 is the strong threat.} Rd8 {[%emt 0:0:0] Prevents Bd6} (23... Ka8 {is interesting.} 24. Qd6 Qc3 25. Bb4 Qa1 )24. Qh4 Bd5 25. Qxh7 Bc4 {[%emt 0:0:30] aiming for ...Bxf1.} (25... Bxa2 $5 26. Qh4 Nc6 $15 )26. Bb2 Bxf1 27. Kxf1 Qc4+ 28. Kg1 Nc6 29. Nf3 $1 Qxa2 30. Bf6 Rd1+ 31. Kh2 a5 $36 {[%emt 0:0:23][%mdl 2048] next ...Qd5 is good for Black. Black is pushing.} 32. Nd4 Qd5 33. Qc2 Qd6+ 34. f4 Rxd4 {[%emt 0:0:10][%mdl 64] Deflection} 35. Bxd4 Nxd4 36. exd4 Qxf4+ $15 {[%emt 0:0:4][%mdl 4096] Endgame KQ-KQ} 37. g3 Qxd4 {[%emt 0:0:16] Hoping for ...a4.} 38. h4 a4 {[%emt 0:0:13] ...a3 would be deadly.} 39. Qa2 {[%emt 0:1:53] Prevents a3.} f5 {[%emt 0:3:7] Black is more active.} (39... Qb4 $17 {White must now prevent ...a3.} 40. h5 a3 )40. h5 Qh8 (40... f4 {keeps more tension.} 41. h6 fxg3+ 42. Kh3 Qd7+ )41. Qxa4 {[%emt 0:50:40] Strongly threatening Qf4+.} Qxh5+ 42. Kg1 (42. Qh4 $1 $11 Qe2+ 43. Kh3 )Qf3 43. Kh2 {[%emt 0:0:0] White is now going downhill.} ({Better is} 43. Qe8+ $15 Kc7 44. Kh2 )Qe2+ $17 44. Kg1 Qe5 $1 45. Kf2 {[%emt 0:0:0] [#]} (45. Kh2 $142 )b5 $1 $19 46. Qb4 Kb7 47. g4 {[%emt 0:0:0] [#]} fxg4 48. Qxg4 Kb6 49. Qg8 b4 50. Kf3 Kb5 51. Kg2 $2 (51. Qf7 )Qe2+ 52. Kg3 (52. Kg1 $142 )Qe3+ 53. Kg2 b3 {[%emt 0:0:0] ( -> ...b2)} 54. Qb8+ Kc4 {[%emt 0:0:0] Black mates.} 55. Qg8+ Kc3 56. Qc8+ Kd2 57. Qh8 Kc2 58. Qc8+ Kd1 59. Qh8 Qd2+ 60. Kg3 b2 {[%emt 0:0:0] Weighted Error Value: White=0.43/Black=0.08 (flawless)} 0-1

[Event "85th Tata Steel Masters 2023"]
[White "Praggnanandhaa R"]
[Black "Giri,Anish"]
[Site "Wijk aan Zee"]
[Round "5.2"]
[Annotator "TA"]
[Result "1/2-1/2"]
[Date "2023.01.19"]
[WhiteElo "2684"]
[BlackElo "2764"]
[PlyCount "93"]
[TimeControl "60"]

1. e4 e5 2. Nf3 Nc6 3. Bc4 Nf6 4. d3 Bc5 5. Nc3 a6 6. O-O {[%emt 0:0:24] C50: Hungarian Defence and Giuoco Pianissimo.} d6 7. a4 h6 8. Be3 $1 {[%emt 0:0:49][%mdl 4] [#] outshines the older 8.h3.} Be6 $146 ({Predecessor:} 8... O-O 9. Bxc5 dxc5 10. h3 Re8 11. Re1 b6 12. Nd5 Be6 13. Ne3 Qd7 14. Nd2 Nd4 15. Rf1 {1-0 Abdusattorov,N (2688)-Le,Q (2722) Biel blitz 55th 2022 (11)} )9. Bxe6 fxe6 10. d4 exd4 11. Nxd4 Qd7 12. Nxc6 Qxc6 13. Qd3 O-O 14. Bxc5 Qxc5 15. Rad1 Rf7 16. Qd4 Qxd4 17. Rxd4 Nd7 18. a5 Ne5 19. Ne2 g5 20. Nc1 Nc6 21. Ra4 Ne5 22. Nd3 Nxd3 23. cxd3 $11 {[%emt 0:0:0][%mdl 4096] Endgame KRR-KRR} Raf8 24. Rb4 c6 25. d4 d5 26. exd5 cxd5 27. Rb6 Re7 28. Re1 Kf7 29. Rc1 Kg6 30. g3 Rf3 31. Rd1 {[%emt 0:0:0] Wards off Rd3} Kf6 32. Kg2 g4 33. h3 h5 34. hxg4 (34. h4 $14 )hxg4 {[%emt 0:0:1] The position is equal.} 35. Rh1 Rd3 36. Rh6+ Kg5 37. Rhxe6 Rxe6 38. Rxe6 Rxd4 {[%emt 0:0:1] KR-KR} 39. Rb6 Ra4 40. b4 d4 41. Rxb7 Kf5 {[%emt 0:15:53] [#] Threatens to win with ...d3.} 42. Rb6 d3 {[%emt 0:2:38] ...Ra1 would be deadly.} 43. Rxa6 Rxb4 {[%emt 0:0:32] ( -> ...Rd4)} 44. Rd6 {[%emt 0:5:28] Prevents Rd4} Ke4 45. a6 Ra4 46. Kf1 Ra1+ 47. Kg2 {[%emt 0:0:0] Weighted Error Value: White=0.04 (flawless) /Black=0.03 (flawless)} 1/2-1/2

[Event "85th Tata Steel Masters 2023"]
[White "Caruana,Fabiano"]
[Black "So,Wesley"]
[Site "Wijk aan Zee"]
[Round "5.3"]
[Annotator "TA"]
[Result "1/2-1/2"]
[Date "2023.01.19"]
[WhiteElo "2766"]
[BlackElo "2760"]
[PlyCount "82"]
[TimeControl "60"]

1. e4 e5 2. Nf3 Nc6 3. d4 exd4 4. Nxd4 Nf6 5. Nxc6 bxc6 6. e5 Qe7 7. Qe2 Nd5 8. c4 Ba6 9. b3 g6 10. Ba3 $1 {[%emt 0:0:10][%mdl 4] is currently scoring better than 10.f4. C45: Scotch Game.} Nb4 {[%emt 0:5:51] White should prevent ...d5.} 11. Bb2 $1 Bg7 12. a3 Nd5 13. Nd2 O-O 14. O-O-O $1 Rfe8 {[%emt 0:6:40] [#]} 15. Re1 $146 (15. Qf3 $5 Nb6 16. Ne4 $11 )({Predecessor:} 15. Qf3 Nb6 16. Kc2 Rab8 17. h4 Na4 18. Bd4 Nc5 19. Re1 d5 20. cxd5 Bxf1 21. Rhxf1 cxd5 22. Qxd5 {0-1 Xiong,J (2690)-So,W (2773) Chess.com Rapid Winners 2022 (2.1)} )Nb6 16. h4 d5 17. h5 dxc4 18. hxg6 hxg6 {[%emt 0:0:22][%cal Yc4c3] And now ...c3! would win.} 19. Qf3 Rab8 (19... Rad8 $15 )20. Re4 $1 $11 {[%emt 0:6:40] The position is equal.} (20. Qh3 Bc8 21. Qh7+ (21. e6 $2 Bxb2+ {[%mdl 64] Remove Defender} 22. Kxb2 Qf6+ 23. Kc1 Qg7 $19 )Kf8 22. Nxc4 Nd5 $17 )Bc8 {[%emt 0:4:1] [#] ...cxb3 is the strong threat.} 21. Nxc4 (21. bxc4 $2 Na4 22. Bd4 Bf5 $19 )Bf5 22. Reh4 {[%emt 0:2:0] Hoping for Qf4.} Nxc4 23. Bxc4 Qg5+ (23... Bxe5 $2 24. Rh8+ (24. Qxc6 $2 Qg5+ 25. f4 Bxf4+ 26. Rxf4 Qxf4+ $19 )Kg7 25. R1h7+ Kf6 26. Qxc6+ Be6 27. Qf3+ Bf5 28. Qe2 Bxb2+ 29. Qxb2+ Qe5 30. Rxf7+ Kg5 31. Qxe5 Rxe5 32. Rxb8 $18 )24. Qe3 {Dancing on a razor blade.} Qxe3+ (24... Qxg2 $2 25. e6 (25. Qxa7 Qg5+ 26. Qe3 Qxe3+ 27. fxe3 Be6 $14 )f6 26. e7+ $18 )25. fxe3 Be6 $1 26. Bxe6 Rxe6 27. Kc2 Rb5 28. Bd4 (28. a4 $5 Rd5 29. e4 $11 )a6 29. b4 Rd5 (29... a5 $5 )30. g4 Kf8 31. Bc5+ Kg8 32. Bd4 Kf8 33. Bc5+ Ke8 34. Rh7 Bxe5 35. e4 Rd8 36. Rf1 $36 {[%emt 0:1:8][%mdl 2048] Black is under pressure.} Rd7 37. g5 Bd6 38. Bd4 Be5 {[%emt 0:0:0] Repels Rh8+} ({Resist} 38... Rxe4 39. Bf6 Re2+ 40. Kb1 $16 )39. Bc5 Bd6 {[%emt 0:0:0] White must now prevent ...Bxc5.} 40. Bd4 {[%emt 0:0:0] [#] Rh8+ would be deadly.} Be5 {[%emt 0:0:0] Wards off Rh8+} ({Don't take} 40... Rxe4 41. Bf6 Re2+ 42. Kb1 $16 )41. Bc5 Bd6 {[%emt 0:0:2] Weighted Error Value: White=0.02 (flawless) /Black=0.06 (flawless)} 1/2-1/2

[Event "85th Tata Steel Masters 2023"]
[White "Erigaisi Arjun"]
[Black "Ding,Liren"]
[Site "Wijk aan Zee"]
[Round "5.4"]
[Annotator "TA"]
[Result "1/2-1/2"]
[Date "2023.01.19"]
[WhiteElo "2722"]
[BlackElo "2811"]
[PlyCount "74"]
[TimeControl "60"]

1. e4 e5 2. Nf3 Nc6 3. Bc4 Bc5 4. c3 Nf6 5. d3 d6 6. O-O O-O 7. Bg5 h6 8. Bh4 g5 {[%emt 0:0:11][%cal Yg7g5,Yg5g4][%mdl 32] The old main line. C54: Giuoco Piano: 4 c3 Nf6, main lines with 5 d4 and 5 d3.} 9. Bg3 a5 (9... g4 {with more complications.} 10. Nh4 Nh5 11. b4 Bb6 )10. Re1 Ba7 {[%emt 0:0:41] White has an edge.} 11. Nbd2 Nh7 12. d4 {[%emt 0:13:59][%cal Rd4e5] [#]} g4 $146 ({Predecessor:} 12... h5 13. h3 h4 14. Bh2 g4 15. hxg4 Bxg4 16. Be2 Qf6 17. Nc4 exd4 18. e5 dxe5 19. Ncxe5 Bxf3 20. Bxf3 dxc3 {1-0 Erigaisi,A (2725)-Le,Q (2728) Julius Baer GenCup KO rapid 2022 (2.12)} )13. Nh4 exd4 14. Rb1 Ne5 (14... Re8 $11 )15. Bb3 (15. cxd4 $14 Bxd4 16. Nf5 Bxf5 17. exf5 )dxc3 16. bxc3 h5 17. Nf5 (17. Kh1 $11 )Ng6 18. h3 {[%emt 0:24:10] [#]} a4 $1 19. Bc4 (19. Bxa4 $2 h4 20. Bxh4 Nxh4 $19 )d5 20. Bxd5 Bxf5 (20... c6 $5 21. hxg4 (21. Bc4 b5 $11 )hxg4 22. Nh6+ (22. Bc4 b5 $11 )Kg7 23. Nf5+ (23. Nxg4 $2 cxd5 24. exd5 Qxd5 $19 )Kg8 24. Nh6+ (24. Bc4 b5 $11 )Kg7 25. Nf5+ (25. Nxg4 $2 cxd5 26. e5 Bc5 $19 )Kg8 $11 )21. exf5 Qxd5 22. fxg6 fxg6 23. hxg4 Nf6 (23... Qxa2 $14 24. gxh5 (24. Rxb7 Bb6 $11 )Nf6 )24. Qc2 $1 $16 Qf7 25. Rxb7 Nxg4 {[%emt 0:0:59][%cal Ra7f2] [#]} 26. Nf3 {[%emt 0:0:21] Active counter play!} (26. Ne4 $1 $16 )Bb6 $11 27. c4 {[%emt 0:2:28] aiming for c5.} Ra5 28. Rb1 {[%emt 0:2:44] Strongly threatening R1xb6.} Qf6 29. Bxc7 (29. Re1 $11 {keeps the balance.} )Bxf2+ $17 30. Kh1 Rf5 31. Qe4 {[%emt 0:5:31] [#]} Rxf3 ({Better is} 31... Bd4 $1 $17 {[%cal Yf6h4] ( -> ...Qh4+!)} 32. Bg3 (32. Nxd4 $2 Rf1+ {[%mdl 64] Back Rank} 33. Rxf1 Qxf1# )(32. Qxd4 $2 Qxd4 33. Rb8 Qxc4 $19 )Bf2 )32. Qd5+ $1 $11 (32. Qxf3 $2 Qh4+ 33. Qh3 Be1 $19 )Rf7 (32... Kh8 $5 33. Qxf3 Qh4+ 34. Qh3 Be1 35. Be5+ (35. Bb6 Rf1+ 36. Bg1 Rxg1+ {[%mdl 64] Back Rank} 37. Kxg1 Qf2+ 38. Kh1 Qf1# )Nxe5 $17 )33. Bd8 $1 $36 {[%emt 0:0:0][%mdl 2048] White is pushing.} (33. Qxf3 Qh4+ 34. Qh3 Be1 35. Rb8+ Kh7 )Qf4 {[%emt 0:0:0][%csl Gg4][%cal Rf4h2] The position is equal.} 34. Bc7 {[%emt 0:3:13] Dancing on a razor blade.} (34. Qxf3 $2 Qh2# )Qf6 35. Bd8 $1 (35. Qxf3 {gets mated.} Qh4+ 36. Qh3 Be1 37. Rb8+ Kh7 )Qf4 36. Bc7 (36. Qxf3 $2 Qh2# )Qf6 37. Bd8 $1 (37. Qxf3 {is a self mate.} Qh4+ 38. Qh3 Be1 39. Rb8+ Kh7 )Rf5 {An interesting game.   Weighted Error Value: White=0.15 (very precise) /Black=0.14 (very precise)} ({Reject} 37... Qf4 $6 38. Bc7 $17 (38. Qxf3 $2 Qh2# ))1/2-1/2

[Event "85th Tata Steel Masters 2023"]
[White "Aronian,Levon"]
[Black "Keymer,Vincent"]
[Site "Wijk aan Zee"]
[Round "5.5"]
[Annotator "TA"]
[Result "1-0"]
[Date "2023.01.19"]
[WhiteElo "2735"]
[BlackElo "2696"]
[PlyCount "157"]
[TimeControl "60"]

1. e4 e5 2. Nf3 Nc6 3. Bb5 a6 4. Ba4 Nf6 5. O-O Be7 6. d3 b5 7. Bb3 d6 8. c3 O-O 9. Bc2 {[%emt 0:0:0] C84: Closed Ruy Lopez: Unusual White 6th moves.} Re8 10. Re1 h6 11. Nbd2 {[%emt 0:2:6] White has an edge.} Bf8 12. d4 Bb7 13. d5 {[%emt 0:0:0] [#]} Nb8 $146 ({Predecessor:} 13... Ne7 14. b3 c6 15. c4 cxd5 16. cxd5 Nh7 17. Bb2 f5 18. exf5 Nxd5 19. Ne4 Rc8 {½-½ Brodsky,M (2515)-Zvara,P (2290) Pardubice op 1993 (7)} )14. b3 Nbd7 15. c4 c6 16. Nf1 a5 17. Be3 a4 18. h3 axb3 19. axb3 Rxa1 20. Qxa1 Qc7 21. Rc1 Ra8 22. Qb2 Qa5 23. Ng3 b4 24. Ne1 Nc5 25. Rd1 Nfd7 26. Nf5 cxd5 27. exd5 Bc8 28. Bd2 Nf6 29. Ng3 {[%emt 0:9:2] Dodges Nfe4} Be7 30. Nd3 Nxd3 31. Bxd3 Bd7 32. Bf5 Be8 (32... g6 $14 33. Bc2 (33. Bxd7 Nxd7 34. Qc2 h5 $11 )h5 )33. Bb1 $16 {[%emt 0:0:0] White is more active.} Bd7 34. f4 (34. Qc2 $16 )Re8 ({Black should try} 34... Qa3 $14 35. Qc2 Ba4 36. bxa4 (36. Nf5 $2 Bxb3 37. Nxe7+ Kh8 $19 )Qxg3 )35. Rf1 ({Don't take} 35. fxe5 Qb6+ 36. Kh2 dxe5 $14 )Bd8 36. fxe5 Qc5+ (36... Qb6+ $16 {keeps fighting.} 37. Kh1 dxe5 )37. Kh2 ({Better is} 37. Kh1 $18 Rxe5 38. Bf4 )Rxe5 (37... dxe5 $16 {is a better defense.} 38. Ne4 Nxe4 39. Bxe4 Bc7 )38. Bf4 $18 Re8 39. Qd2 h5 40. Bg5 (40. Qd3 $1 $18 )h4 $16 {[%emt 0:0:0][%mdl 64] Deflection} 41. Bxh4 Qe3 42. Qxe3 (42. Qxb4 g5 43. Bxg5 Qxg5 44. Qxd6 Re3 $15 )Rxe3 43. Rf3 $1 Rxf3 44. gxf3 Be7 45. Bf5 Be8 46. Bxf6 Bxf6 {[%emt 0:0:14][%mdl 4096] Endgame KBB-KBN} 47. f4 g6 48. Ne4 Be7 49. Bc8 f5 50. Nf2 Bd8 51. Nd3 Ba5 52. Kg3 Kg7 53. Kf3 Kf6 54. Be6 Ke7 55. Ke2 Kf6 56. Bc8 (56. h4 $16 )Ke7 (56... g5 $1 $11 {keeps the balance.} )57. Ba6 Bf7 58. Bb5 Kf6 59. h4 Ke7 60. Kf3 Kf6 61. Nf2 Bb6 62. Nh3 Bd4 63. Ng5 Ke7 64. Ba6 Bb6 65. Bc8 Be8 66. h5 {[%emt 0:0:18][%mdl 64] h6 would be deadly. Deflection} gxh5 $2 {[%emt 0:0:53] This costs Black the game.} (66... Bd4 $16 67. Be6 gxh5 )67. Bxf5 $18 Bd4 68. Ne4 Bf7 69. Bh7 {[%emt 0:6:18] Black must now prevent f5.} Be8 {[%emt 0:0:58] [#]} 70. Kg3 $1 Bf7 $2 (70... Kf8 71. Nxd6 Bd7 )71. Kh3 {[%emt 0:0:0] White is clearly winning.} Be8 {[%emt 0:1:58] [#]} 72. f5 $1 Bb2 73. Bg6 {[%emt 0:0:0] Hoping for Bxe8.} Bd7 74. Kh4 (74. Bxh5 $2 {too greedy.} Bxf5+ 75. Kh4 Bxe4 $19 )Bd4 75. Kxh5 Bc8 76. Kg5 {[%emt 0:0:0] Strongly threatening f6+.} Be3+ 77. Kg4 Bd4 78. Bh7 Bf6 79. Bg8 {[%emt 0:0:56] Weighted Error Value: White=0.13 (very precise) /Black=0.15 (very precise)} 1-0

[Event "85th Tata Steel Masters 2023"]
[White "Maghsoodloo,Parham"]
[Black "Van Foreest,Jorden"]
[Site "Wijk aan Zee"]
[Round "5.6"]
[Annotator "TA"]
[Result "1-0"]
[Date "2023.01.19"]
[WhiteElo "2719"]
[BlackElo "2681"]
[PlyCount "89"]
[TimeControl "60"]

1. d4 d5 2. c4 dxc4 3. e4 e5 4. Nf3 Bb4+ 5. Nc3 Nf6 6. Nxe5 {[%emt 0:0:0] D20: Queen's Gambit Accepted: 3 e3 and 3 e4.} b5 {[%emt 0:0:17] Repels Qa4} 7. f3 O-O {[%emt 0:0:18] [#]} 8. a3 $146 {[%emt 0:0:3] White is slightly better.} ({Predecessor:} 8. a4 c5 9. dxc5 Qa5 10. Bf4 Bxc3+ 11. bxc3 Qxc3+ 12. Kf2 Nh5 13. g3 Nxf4 14. gxf4 {½-½ Vidit,S (2723)-Nguyen,T (2610) Prague Masters 4th 2022 (7)} )Ba5 9. a4 c5 10. dxc5 $16 {[%emt 0:4:17] And now Qxd8 would win.} (10. axb5 cxd4 11. Rxa5 Qxa5 12. Qxd4 Be6 $11 )Qe8 {[%emt 0:8:37] [#]} 11. axb5 $1 Bxc3+ 12. bxc3 Qxe5 13. Qd4 Qc7 (13... Qxd4 $2 14. cxd4 Be6 15. c6 $18 )14. c6 (14. Qxc4 a6 15. Qd4 Bb7 $16 )(14. Bxc4 $16 {Hoping for 0-0.} Bb7 15. Be2 )Be6 $14 15. Be2 {[%emt 0:0:0] White is more active.} (15. Bxc4 Rd8 16. b6 (16. Qc5 $2 Nbd7 $19 )axb6 $17 )Nxc6 16. bxc6 Rfd8 17. Qf2 a5 18. Be3 Qxc6 19. O-O a4 20. Bd4 Ne8 21. f4 {[%emt 0:3:55][%cal Yf3f4,Yf4f5][%mdl 32] Black must now prevent f5.} Qxe4 22. f5 (22. Bf3 $5 Qxf4 23. Bxa8 Qxf2+ 24. Kxf2 (24. Rxf2 Rxa8 25. Rb1 f6 $14 )Rxa8 25. Rfb1 $14 )Bd5 23. Rae1 $36 {[%emt 0:19:8][%mdl 2048] White has the initiative.} (23. Bd1 {simplifies} Qe7 24. Rxa4 Rxa4 25. Bxa4 Nf6 26. Re1 )a3 $2 {[%emt 0:9:9] [#] White now steadily converts the win.} (23... Qe7 $1 $11 {and Black has nothing to worry.} )24. Bh5 $1 $18 {[%emt 0:3:27] A strong pair of Bishops.} ({Inferior is} 24. Bxc4 Qxe1 25. Rxe1 Bxc4 $15 )a2 25. Rxe4 Bxe4 26. Ra1 Rdb8 {[%emt 0:0:23] aiming for ...Rb1+.} 27. Bb6 (27. Rxa2 $2 {too greedy.} Rb1+ $19 )Ra6 28. Rxa2 Raxb6 29. h3 Nf6 (29... Rb1+ $16 {was worth a try.} 30. Kh2 Nf6 )30. Be2 Rb5 (30... Rb1+ $142 31. Kh2 Rc8 )31. Bxc4 Rxf5 32. Qa7 Rf8 33. Rb2 {[%emt 0:1:27][%cal Ya7f7] White wants to mate with Qxf7+!} h5 34. Rb8 {[%emt 0:1:23] Rxf8+ is the strong threat.} Rxb8 (34... Nh7 $142 35. Rb2 Rg5 )35. Qxb8+ Kh7 36. Bxf7 Rg5 37. g3 Ra5 38. Be6 Ra1+ 39. Kf2 Bg6 40. g4 Rb1 41. Qe5 {[%emt 0:56:43] Threatens to win with Bf5.} Ne4+ 42. Kg2 Rb2+ 43. Kf3 h4 (43... Rb1 44. Ke3 (44. gxh5 Nd2+ 45. Kg4 Rg1+ 46. Kf4 Rf1+ 47. Kg3 Rg1+ 48. Kf2 Rf1+ 49. Kg2 Rg1+ 50. Kf2 Rf1+ 51. Kg2 Rg1+ 52. Kf2 $18 )Re1+ 45. Kd4 Rd1+ 46. Kc4 Re1 )44. Bd5 Nf6 45. Qg5 {[%emt 0:0:0] Weighted Error Value: White=0.10 (very precise) /Black=0.21 (precise)} 1-0

[Event "85th Tata Steel Masters 2023"]
[White "Gukesh D"]
[Black "Rapport,Richard"]
[Site "Wijk aan Zee"]
[Round "5.7"]
[Annotator "TA"]
[Result "1/2-1/2"]
[Date "2023.01.19"]
[WhiteElo "2725"]
[BlackElo "2740"]
[PlyCount "93"]
[TimeControl "60"]

1. d4 Nf6 2. c4 g6 3. Nc3 d5 4. Nf3 Bg7 5. Bg5 Ne4 6. Bf4 Nxc3 7. bxc3 c5 8. e3 O-O 9. cxd5 cxd4 10. cxd4 Qxd5 11. Be2 Qa5+ 12. Qd2 Nc6 13. Qxa5 {[%emt 0:2:21] D80: Grünfeld: Unusual White 4th moves and 4 Bg5.} Nxa5 14. O-O Be6 15. Rfc1 Rfc8 16. Nd2 Bd5 {[%emt 0:6:21] [#]} 17. a4 $146 ({Predecessor:} 17. a3 e6 18. Bd6 Bf8 19. Bxf8 Kxf8 20. f3 Nb3 21. Nxb3 Bxb3 22. Rab1 Bd5 23. e4 Rxc1+ 24. Rxc1 Bc6 25. Kf2 Rc8 26. Rb1 Rc7 27. Rc1 Rc8 28. Rb1 Rc7 {½-½ Rakhmanov,A (2633)-Najer,E (2676) RUS-ch 75th Cheboksary 2022 (1)} )e6 18. Bf3 Bxf3 19. gxf3 Bf8 20. Rab1 Ba3 21. Rd1 b6 22. Ne4 Nc4 23. h4 Kg7 24. Rb3 Be7 25. Rc3 {[%emt 0:4:10] And now Rdc1 would win.} a6 (25... Bxh4 26. Rdc1 $16 )26. h5 b5 27. h6+ Kf8 28. axb5 $1 axb5 29. Rb3 b4 {[%emt 0:4:51] [#]} 30. Nc5 $1 Nb6 (30... Bxc5 31. dxc5 )31. e4 Rd8 {[%emt 0:0:27] Strongly threatening ...Bxc5.} 32. Rbb1 Rac8 {[%emt 0:4:59] Inhibits Bc7.} 33. Nb7 {[%emt 0:0:57] The position is equal.} (33. Kg2 $5 )Rd7 34. Nc5 Rdd8 35. Nb7 (35. Kg2 $5 )Rd7 36. Nc5 Rdd8 37. Kf1 (37. Kg2 $5 )g5 38. Be3 e5 39. Nb7 (39. Rxb4 $2 {is the wrong capture.} Bxc5 40. dxc5 Rxd1+ $19 )Rd7 40. Nc5 Bxc5 41. dxc5 Rxd1+ 42. Rxd1 $11 {[%emt 0:0:5] KRB-KRN} Nc4 {[%emt 0:0:26] [#] White must now prevent ...b3.} 43. Rb1 Nxe3+ 44. fxe3 Rxc5 {[%emt 0:0:32] Threatens to win with ...Rb5.} 45. Rxb4 Rc6 46. Rb5 Rxh6 47. Rxe5 {[%emt 0:0:5] Not much happened in this game.   Weighted Error Value: White=0.07 (flawless) /Black=0.05 (flawless)} 1/2-1/2